 Dungeon Sprint DCSS version 0.30-a0-469-g84de5afbc5 (webtiles) character file.

Game seed: 15570577515750359064

664 Darkkill the Fighter (level 10, -13/104 HPs)
             Began as a Minotaur Hunter on Dec 19, 2022.
             Was an Initiate of Gozag.
             Mangled by a red devil
             ... wielding a +0 demon trident
             ... summoned by a mummy priest
              (20 damage)
             ... in the Dungeon (Sprint VI: "Thunderdome").
             The game lasted 00:08:02 (1010 turns).

Darkkill the Fighter (Minotaur Hunter)              Turns: 1010, Time: 00:08:03

Health: -13/104    AC:  2    Str: 19    XL:     10   Next: 23%
Magic:  9/9        EV: 27    Int:  8    God:    Gozag
Gold:   8          SH:  0    Dex: 30    Spells: 9/9 levels left

rFire   . . .      SeeInvis +    n - +8 triple crossbow (freeze)
rCold   + + +      Faith    .    (shield currently unavailable)
rNeg    . . .      Spirit   .    p - +0 robe "Jirilech" {Harm Will+ Int+2}
rPois   +          Reflect  .    (helmet restricted)
rElec   .          Harm     +    (no cloak)
rCorr   .          Rampage  .    (no gloves)
Will    ++...      NoTele   +    (no boots)
Stlth   ++++++....               a - amulet of the Turtle {Contam rC+++ Will+++ Regen+ SInv}
HPRegen 1.17/turn                r - ring of the Vendetta {rPois Str+3 Dex+6}
MPRegen 0.11/turn                q - ring of Cueskipn {+Blink rPois Dex+6 SInv}

@: weak-willed, spiked, slowed, very slow
A: horns 2, retaliatory headbutt
}: 1/15 runes: decaying
a: Renounce Religion, Evoke Blink, Potion Petition, Call Merchant, Bribe Branch


You were in the Dungeon.
You worshipped Gozag.
Gozag was noncommittal.
You visited 1 branch You collected 2887 gold pieces.
You spent 2879 gold pieces at shops.

Inventory:

Hand Weapons
 n - a +8 triple crossbow of freezing (weapon)
Armour
 p - the +0 robe "Jirilech" (worn) {Harm Will+ Int+2}
   (You bought it in a shop in the Dungeon)

   Int:       It affects your intelligence (+2).
   Harm:      It increases damage dealt and taken.
   Will:      It increases your willpower.
Jewellery
 a - the amulet of the Turtle (around neck) {Contam rC+++ Will+++ Regen+ SInv}
   (You bought it in a shop in the Dungeon)

   [amulet of regeneration]

   rC:        It renders you almost immune to cold.
   SInv:      It lets you see invisible.
   Contam:    It causes magical contamination when unequipped.
   Regen:     It increases your rate of health regeneration.
   Will:      It greatly increases your willpower.
 q - the ring of Cueskipn (right hand) {+Blink rPois Dex+6 SInv}
   (You bought it in a shop in the Dungeon)

   [ring of see invisible]

   Dex:       It affects your dexterity (+6).
   rPois:     It protects you from poison.
   SInv:      It lets you see invisible.
   +Blink:    It lets you blink.
 r - the ring of the Vendetta (left hand) {rPois Str+3 Dex+6}
   (You bought it in a shop in the Dungeon)

   [ring of dexterity]

   Str:       It affects your strength (+3).
   Dex:       It affects your dexterity (+6).
   rPois:     It protects you from poison.
Scrolls
 b - a scroll of immolation
 i - 2 scrolls of blinking
 m - 3 scrolls of fog
Potions
 d - a potion of curing {@q1}
 e - 7 potions of heal wounds
 f - 4 potions of haste
 g - 2 potions of magic
 h - a potion of berserk rage
 j - a potion of resistance
 o - a potion of experience


   Skills:
 + Level 14.7 Fighting
 + Level 14.0 Ranged Weapons
 + Level 13.5 Dodging
 + Level 11.3 Stealth


You had 9 spell levels left.
You didn't know any spells.
Your spell library was empty.

Dungeon Overview and Level Annotations

Branches:
Dungeon (1/1)

Altars:
Cheibriados
Dithmenos
Fedhas
Gozag
Kikubaaqudgha
Makhleb
Okawaru
Qazlal
Ru
Sif Muna
Trog
Uskayaw
Vehumet
Wu Jian
Xom
Yredelemnul
Zin
The Shining One
Lugonu

Shops:
D [??*?*:[((!!!!


Innate Abilities, Weirdness & Mutations

You have a pair of horns on your head.
You reflexively headbutt those who attack you in melee.


Message History

Aim: a mummy priest (moderately damaged, blind, 84% to hit)
You shoot a bolt. The bolt hits the mummy priest!!
The bolt freezes the mummy priest.
The mummy priest is almost destroyed.
The flying skull misses you.
The red devil hits you from afar with a +0 demon trident.
Barbed spikes become lodged in your body.
The phantasmal warrior gestures at you.
The phantasmal warrior blinks!
The wraith completely misses you. The flying skull misses you.
The red devil hits you from afar with a +0 demon trident!
* * * LOW HITPOINT WARNING * * *
Barbed spikes become lodged in your body.
Unknown command.
You feel much better. The flying skull hits you! The wraith misses you.
The mummy priest misses you. You furiously retaliate!
You headbutt the mummy priest, but do no damage.
The red devil closely misses you.
You feel much better. The wraith completely misses you.
You furiously retaliate!
You headbutt the wraith. The phantasmal warrior hits you!!
The shadow slips into darkness.
The shadow flickers and vanishes for a moment.
The flying skull completely misses you. The mummy priest barely misses you.
The red devil hits you from afar with a +0 demon trident!!
* * * LOW HITPOINT WARNING * * *
Barbed spikes become lodged in your body.
You feel much better. 10...
The flying skull is no longer blind.
The flying skull misses you. The flying skull completely misses you.
You furiously retaliate!
You headbutt the flying skull. The phantasmal warrior hits you!
* * * LOW HITPOINT WARNING * * *
The red devil closely misses you.
You feel much better.
The mummy priest is no longer blind.
The flying skull hits you. The flying skull completely misses you.
You furiously retaliate!
You headbutt the flying skull. The phantasmal warrior hits you.
The wraith closely misses you. You furiously retaliate!
You headbutt the wraith! The flying skull closely misses you.
The flying skull barely misses you. The red devil completely misses you.
The shadow completely misses you.
You feel much better.
The flying skull is distracted by your dazzling golden aura.
The flying skull hits you. The mummy priest hits you!! The wraith misses you.
You furiously retaliate!
You headbutt the wraith!
You destroy the wraith!
The wraith disappears in a puff of smoke!
The phantasmal warrior hits you! The red devil misses you. The shadow hits you.
* * * LOW HITPOINT WARNING * * *
You feel much better. The flying skull hits you.
The phantasmal warrior completely misses you.
You furiously retaliate!
You headbutt the phantasmal warrior.
The mummy priest prays to its god.
The flying skull misses you. You furiously retaliate!
You headbutt the flying skull.
You destroy the flying skull!
The flying skull disappears in a puff of smoke!
The shadow is distracted by your dazzling golden aura.
The red devil completely misses you.
You feel much better.
The phantasmal warrior disappears in a puff of smoke!
The shadow is no longer distracted by gold.
The bat skeleton hits you.
The mummy priest utters an invocation to its god.
The red devil barely misses you. The shadow hits you.
You feel much better. 5...
The flying skull disappears in a puff of smoke!
The mummy disappears in a puff of smoke!
The bat skeleton disappears in a puff of smoke!
The shadow misses you. The red devil closely misses you.
The mummy priest utters an invocation to its god.
The wraith hits you! The wraith drains your vigour!
You feel yourself slow down. The flayed ghost hits you!!
You shoot a bolt.
The bolt closely misses the mummy priest.
The bolt hits the spectral jackal!
The bolt freezes the spectral jackal.
You destroy the spectral jackal!
The spectral jackal disappears in a puff of smoke! 4... 3... 2...
The flying skull is no longer distracted by gold.
The flying skull misses you. You furiously retaliate!
You headbutt the flying skull. The jiangshi completely misses you.
The jiangshi claws you!!
* * * LOW HITPOINT WARNING * * *
The jiangshi draws strength from your injuries!
The flying skull closely misses you. The jiangshi completely misses you.
The jiangshi claws you!
* * * LOW HITPOINT WARNING * * *
The jiangshi draws strength from your injuries!
The shadow misses you. The red devil completely misses you.
The wraith completely misses you. The flayed ghost misses you.
The flying skull hits you!
* * * LOW HITPOINT WARNING * * *
The mummy priest barely misses you. The jiangshi misses you. x2
The shadow barely misses you.
The red devil hits you from afar with a +0 demon trident!
You die...
Your body crumbles into a pile of gold.

##⌠⌠⌠## #.....# ##.....##
##∩.....∩## #∩..[....∩#
#_........# #_.).3..._#
#_..[Wz.._# ###....@MM..###
#⌠.)).WVWZ§..⌠#
######.8..)..4z..8.######
##.___....[.###......___∩##
###∩....[...8.# #.8$.......∩###
##.............###.............##
#⌠..........###"[.###......Z...⌠#
#⌠..........# #=<.# #..........⌠#
#⌠..........###...###....M...$$⌠#


You could see a mummy priest, a jiangshi (summoned), a flayed ghost (summoned),
a neqoxec (summoned), a wraith (summoned), a red devil (summoned), a shadow
(summoned), 2 flying skulls, a mummy and a giant cockroach simulacrum
(summoned).

Vanquished Creatures
  A wizard (D)
  7 ugly things (D)
  3 guardian mummies (D)
  4 crimson imps (D)
  A quasit (D)
  14 orc priests (D)
  3 iron imps (D)
  3 mummies (D)
  A white imp (D)
  2 ufetubi (D)
39 creatures vanquished.

Notes
Turn   | Place    | Note
-------+----------+-------------------------------------------
     0 | D        | Darkkill the Minotaur Hunter began the quest for the Orb.
     0 | D        | Reached XP level 1. HP: 18/18 MP: 0/0
     3 | D        | Found a blossoming altar of Fedhas.
     3 | D        | Found a shadowy altar of Dithmenos.
     4 | D        | Found an iron altar of Okawaru.
     4 | D        | Found an ancient bone altar of Kikubaaqudgha.
     5 | D        | Found a stormy altar of Qazlal.
     5 | D        | Round 1.
     6 | D        | Found a bloodstained altar of Trog.
     6 | D        | Found an ornate altar of the Wu Jian Council.
     6 | D        | Found Naro Gix's Staff Store.
     6 | D        | Found Moahol's Magic Scroll Shop.
     7 | D        | Found Cedycylo's Must-Have Magic.
     7 | D        | Found Tupof's Magic Scroll Shop.
    11 | D        | Found an opulent altar of Gozag.
    11 | D        | Found a corrupted altar of Lugonu.
    12 | D        | Found Unekh's Distillery.
    12 | D        | Found a glowing golden altar of the Shining One.
    12 | D        | Found Xaskaafena's Do-It-Yourself Clinic.
    13 | D        | Found Ysuukh's Distillery.
    13 | D        | Found Ecwepuk's Bottled Wisdom.
    21 | D        | Became a worshipper of Gozag Ym Sagoz the Greedy
    31 | D        | Found a radiant altar of Vehumet.
    34 | D        | Found a basalt altar of Yredelemnul.
    35 | D        | Found Huimet's Weapon Rack.
    36 | D        | Found a shimmering blue altar of Sif Muna.
    36 | D        | Found a burning altar of Makhleb.
    36 | D        | Found a glowing silver altar of Zin.
    36 | D        | Found Dyibej's Premium Goods.
    37 | D        | Found Violin's Basic Armour.
    37 | D        | Found Bebieh's Miscellaneous Merchandise.
    38 | D        | Noticed a quasit
    48 | D        | Killed a quasit
    49 | D        | Reached skill level 5 in Ranged Weapons
    49 | D        | Reached XP level 2. HP: 25/28 MP: 1/1
    49 | D        | Reached XP level 3. HP: 31/34 MP: 2/2
    55 | D        | Found a shimmering altar of Xom.
    58 | D        | Found a sacrificial altar of Ru.
    59 | D        | Found Wauduale's Identification Station.
    61 | D        | Found Ipean's Advanced Armour.
    61 | D        | Found Miaggiy's Jewellery.
    62 | D        | Found a snail-covered altar of Cheibriados.
    62 | D        | Found a hide-covered altar of Uskayaw.
   101 | D        | Reached skill level 5 in Fighting
   101 | D        | Reached XP level 4. HP: 16/42 MP: 3/3
   109 | D        | Arena points: 14 (+14) [x2]
   110 | D        | Reached skill level 5 in Dodging
   127 | D        | Bought a +0 triple crossbow for 300 gold pieces
   146 | D        | Round 2.
   163 | D        | Reached XP level 5. HP: 40/51 MP: 4/4
   203 | D        | Bought a scintillating zirconium amulet for 45 gold pieces
   203 | D        | Identified the amulet of the Turtle {Contam rC+++ Will+++
                  | Regen+ SInv} (You bought it in a shop in the Dungeon)
   203 | D        | Bought a translucent ivory amulet for 45 gold pieces
   203 | D        | Identified the amulet "Pygriyst" {RegenMP Dex+6 Stlth+}
                  | (You bought it in a shop in the Dungeon)
   203 | D        | Bought a bound wooden ring for 45 gold pieces
   203 | D        | Identified the ring "Qeubeqil" {*Slow rCorr Str+7 SInv}
                  | (You bought it in a shop in the Dungeon)
   203 | D        | Bought an ancient amethyst amulet for 45 gold pieces
   203 | D        | Identified the amulet "Ymeorch" {Harm rF+ Regen+ rCorr
                  | Str-2} (You bought it in a shop in the Dungeon)
   203 | D        | Bought a clouded glass ring for 45 gold pieces
   203 | D        | Identified the ring of the Vendetta {rPois Str+3 Dex+6}
                  | (You bought it in a shop in the Dungeon)
   203 | D        | Bought a transparent bronze amulet for 45 gold pieces
   203 | D        | Identified the amulet "Pifiopn" {Faith -Cast rElec rF+
                  | Will+} (You bought it in a shop in the Dungeon)
   246 | D        | Reached skill level 5 in Stealth
   271 | D        | Reached XP level 6. HP: 61/61 MP: 5/5
   292 | D        | Bought a scintillating platinum ring for 45 gold pieces
   292 | D        | Identified the ring of the Turtledove {rCorr Int+3} (You
                  | bought it in a shop in the Dungeon)
   292 | D        | Bought a fine wooden ring for 45 gold pieces
   292 | D        | Identified the ring "Eseph" {+Blink rC+++ rCorr Str-3 SInv}
                  | (You bought it in a shop in the Dungeon)
   292 | D        | Bought a faintly glowing pewter ring for 45 gold pieces
   292 | D        | Identified the ring "Zatus" {rC++ Str+6 Slay-4 SInv} (You
                  | bought it in a shop in the Dungeon)
   292 | D        | Bought a glittering platinum ring for 45 gold pieces
   292 | D        | Identified the ring of Midwinter {Fly rPois rN+} (You
                  | bought it in a shop in the Dungeon)
   292 | D        | Bought a heavily runed glass ring for 45 gold pieces
   292 | D        | Identified the ring of the Well-Known Deaths {rN+ AC+4
                  | Str+2 Int-5} (You bought it in a shop in the Dungeon)
   292 | D        | Bought a pitted steel ring for 45 gold pieces
   292 | D        | Identified the ring "Evuoq Laett" {rElec rF+ rCorr Str+3
                  | Int+3} (You bought it in a shop in the Dungeon)
   311 | D        | Arena points: 26 (+12) [x1]
   326 | D        | Round 3.
   336 | D        | Arena points: 68 (+42) [x2]
   389 | D        | Bought a serpentine iron ring for 45 gold pieces
   389 | D        | Identified the ring "Foev" {rC+ Str+7 Dex+6} (You bought it
                  | in a shop in the Dungeon)
   389 | D        | Bought a shimmering copper ring for 45 gold pieces
   389 | D        | Identified the ring of Cueskipn {+Blink rPois Dex+6 SInv}
                  | (You bought it in a shop in the Dungeon)
   389 | D        | Bought a translucent granite ring for 45 gold pieces
   389 | D        | Identified the ring "Ipli" {rC+ MP+9 Int+2} (You bought it
                  | in a shop in the Dungeon)
   389 | D        | Bought a translucent bronze ring for 45 gold pieces
   389 | D        | Identified the ring of Hutzihuido {rC+ rN+ Will+ MP+9
                  | Dex-3} (You bought it in a shop in the Dungeon)
   389 | D        | Bought a wavering lapis lazuli ring for 45 gold pieces
   389 | D        | Identified the ring "Dedausoh" {Fire Fly Will++} (You
                  | bought it in a shop in the Dungeon)
   395 | D        | Bought a warped animal skin for 185 gold pieces
   395 | D        | Identified the +1 animal skin of Beogh's Castigation {rCorr
                  | MP+9 Int-3 Slay+2} (You bought it in a shop in the Dungeon)
   405 | D        | Round 4.
   497 | D        | Reached XP level 7. HP: 70/70 MP: 6/6
   516 | D        | Arena points: 176 (+108) [x3]
   517 | D        | Reached skill level 10 in Fighting
   538 | D        | Bought 8 scrolls of enchant weapon for 600 gold pieces
   582 | D        | Round 5.
   583 | D        | Noticed a witch
   594 | D        | Noticed a four-headed hydra
   594 | D        | Killed a witch
   594 | D        | Identified the amulet of Ceif {rElec Regen+ Str+4} (You
                  | found it in the Dungeon)
   594 | D        | Arena points: 376 (+200) [x5]
   595 | D        | Reached skill level 10 in Dodging
   595 | D        | Reached XP level 8. HP: 82/82 MP: 7/7
   597 | D        | Got a decaying rune of Zot
   609 | D        | Bought a scroll of brand weapon for 95 gold pieces
   632 | D        | Bought an ichor-stained robe for 199 gold pieces
   632 | D        | Identified the +0 robe "Jirilech" {Harm Will+ Int+2} (You
                  | bought it in a shop in the Dungeon)
   803 | D        | Round 6.
   818 | D        | Noticed a purple ugly thing
   823 | D        | Killed a purple ugly thing
   852 | D        | Noticed a purple ugly thing
   854 | D        | Killed a purple ugly thing
   855 | D        | Reached XP level 9. HP: 91/91 MP: 8/8
   868 | D        | Noticed a purple ugly thing
   870 | D        | Killed a purple ugly thing
   915 | D        | Noticed a cyan ugly thing
   917 | D        | Killed a cyan ugly thing
   917 | D        | Noticed a purple ugly thing
   917 | D        | Noticed a cyan ugly thing
   918 | D        | Reached skill level 10 in Stealth
   922 | D        | Killed a purple ugly thing
   922 | D        | Noticed a cyan ugly thing
   928 | D        | Killed a cyan ugly thing
   928 | D        | HP: 14/94 [cyan ugly thing (14)]
   930 | D        | Killed a cyan ugly thing
   930 | D        | Arena points: 664 (+288) [x6]
   931 | D        | Reached XP level 10. HP: 48/103 MP: 9/9
   974 | D        | Round 7.
   975 | D        | Noticed a mummy priest
   975 | D        | Bought 3 potions of heal wounds for 105 gold pieces
   975 | D        | Bought 3 potions of heal wounds for 105 gold pieces
   975 | D        | Bought 3 potions of heal wounds for 105 gold pieces
   975 | D        | Bought 3 potions of heal wounds for 105 gold pieces
   975 | D        | Bought 3 potions of heal wounds for 105 gold pieces
   975 | D        | Bought 3 potions of heal wounds for 105 gold pieces
   975 | D        | Bought 3 potions of heal wounds for 105 gold pieces
   976 | D        | Noticed a phantasmal warrior
   981 | D        | HP: 14/104 [guardian mummy (33)]
   984 | D        | Noticed a phantasmal warrior
   990 | D        | HP: 6/104 [red devil/+0 demon trident[a mummy priest] (28)]
  1001 | D        | Noticed a phantasmal warrior
  1003 | D        | HP: 20/104 [red devil/+0 demon trident[a mummy priest]
                  | (26)]
  1008 | D        | Noticed a flayed ghost
  1009 | D        | Noticed a jiangshi
  1010 | D        | HP: 15/104 [jiangshi[a mummy priest] (12)]
  1010 | D        | HP: 7/104 [flying skull[a mummy priest] (8)]
  1010 | D        | Mangled by a red devil

Illustrated notes

Levels and vault maps discovered:
D:        arena_sprint

Skill      XL: |  1  2  3  4  5  6  7  8  9 10 |
---------------+-------------------------------+-----
Fighting       | 4 5 6 7 9 11 12 14 | 14.7
Ranged Weapons | 5 6 7 8 9 11 12 13 14 | 14.0
Dodging        | 3 4 5 7 8 10 11 13 | 13.5
Stealth        | 2 3 4 5 6 8 9 11 | 11.3

Action                   |  1- 3 |  4- 6 |  7- 9 | 10-12 || total
-------------------------+-------+-------+-------+-------++-------
 Fire: Shortbow          |    29 |     8 |       |       ||    37
       Triple crossbow   |       |    25 |    42 |    11 ||    78
Evoke: Wand              |     1 |     3 |       |     6 ||    10
  Use: Scroll            |       |       |     9 |     2 ||    11
       Potion            |       |       |     1 |    17 ||    18
Armor: Leather armour    |     2 |     2 |       |       ||     4
       Robe              |       |       |       |     1 ||     1
Dodge: Dodged            |    18 |     4 |     7 |    72 ||   101

Table legend: (Time is in decaauts)
 A = Elapsed time spent in this place.
 B = Non-inter-level travel time spent in this place.
 C = Inter-level travel time spent in this place.
 D = Time resting spent in this place.
 E = Time spent auto-exploring this place.
 F = Levels seen in this place.
 G = Mean time per level.
                   A        B        C        D        E       F      G
               +--------+--------+--------+--------+--------+-----+--------+
         Total |   1084 |    983 |    101 |    171 |     46 |   1 | 1084.0 |
       Dungeon |   1084 |    983 |    101 |    171 |     46 |   1 | 1084.0 |
               +--------+--------+--------+--------+--------+-----+--------+

Top non-repeatable levels by time:
       D: 1084 daAuts

Table legend:
 A = Kills in this place as a percentage of kills in entire the game.
 B = Kills by you in this place as a percentage of kills by you in the entire game.
 C = Kills by friends in this place as a percentage of kills by friends in the entire game.
 D = Other kills in this place as a percentage of other kills in the entire game.
 E = Experience gained in this place as a percentage of experience gained in the entire game.
 F = Experience gained in this place divided by the number of levels of this place that you have seen.
                   A       B       C       D       E      F
               +-------+-------+-------+-------+-------+----------------------
         Total | 100.0 | 100.0 |   N/A |   N/A | 100.0 | 6786.0
       Dungeon | 100.0 | 100.0 |   N/A |   N/A | 100.0 | 6786.0
               +-------+-------+-------+-------+-------+----------------------
